 Dungeon Crawl Stone Soup version 0.30-a0-557-ge2afbf3030 (webtiles) character file.

Game seed: 4728234601445896796

12488 billz999 the Skirmisher (level 11, -7/87 HPs)
             Began as a Gnoll Hunter on Dec 27, 2022.
             Was an Initiate of Gozag.
             Killed from afar by a gargoyle (28 damage)
             ... with a stone arrow
             ... on level 12 of the Dungeon.
             The game lasted 00:28:41 (14177 turns).

billz999 the Skirmisher (Gnoll Hunter)             Turns: 14177, Time: 00:28:42

Health: -7/87      AC:  7    Str: 10    XL:     11   Next: 94%
Magic:  21/21      EV: 17    Int: 10    God:    Gozag
Gold:   1891       SH:  0    Dex: 19    Spells: 14/24 levels left

rFire   . . .      SeeInvis .    a - +9 war axe "Ithinubb" {spect, rC+}
rCold   + . .      Faith    .    (no shield)
rNeg    . . .      Spirit   .    c - +1 leather armour
rPois   +          Reflect  .    (no helmet)
rElec   .          Harm     .    E - +0 cloak
rCorr   .          Rampage  .    (no gloves)
Will    .....                    o - +0 pair of boots
Stlth   ++++                     r - amulet of magic regeneration
HPRegen 0.34/turn                k - ring of poison resistance
MPRegen 0.57/turn                (no ring)

@: gold aura, studying Unarmed Combat
A: fangs 1, strong nose, distributed training
a: Renounce Religion, Potion Petition, Call Merchant, Bribe Branch


You were on level 12 of the Dungeon.
You worshipped Gozag.
Gozag was most pleased with you.
You visited 2 branches of the dungeon, and saw 13 of its levels.

You collected 2026 gold pieces.
You paid 135 gold pieces to Gozag.

Inventory:

Hand Weapons
 a - the +9 war axe "Ithinubb" (weapon) {spect, rC+}
   (You found it on level 12 of the Dungeon)

   When its wielder attacks, the weapon's spirit leaps out and strikes again.
   The spirit shares a part of any damage it takes with its wielder.
   rC:        It protects you from cold.
 b - a +3 arbalest
 g - a +4 dagger
 j - a +0 dagger
 t - a +2 antimagic demon trident
 z - a +0 shortbow
Armour
 c - a +1 leather armour (worn)
 o - a +0 pair of boots (worn)
 E - a +0 cloak (worn)
Jewellery
 k - a ring of poison resistance (left hand)
 q - a ring of fire
 r - an amulet of magic regeneration (around neck)
 s - an amulet of regeneration
 w - a ring of fire
 A - a ring of resist corrosion
 D - an amulet of reflection
Wands
 h - a wand of paralysis (5)
Scrolls
 d - a scroll of immolation
 e - 3 scrolls of enchant armour
 x - a scroll of noise
 y - 6 scrolls of identify
 C - a scroll of magic mapping
Potions
 f - 5 potions of flight
 i - 3 potions of mutation
 m - 2 potions of resistance
 p - 2 potions of degeneration
 B - a potion of heal wounds


   Skills:
 + Level 8.5 Fighting
 + Level 7.0 Short Blades
 + Level 7.0 Long Blades
 + Level 7.0 Axes
 + Level 7.0 Maces & Flails
 + Level 7.0 Polearms
 + Level 7.0 Staves
 + Level 11.0 Ranged Weapons
 + Level 7.0 Throwing
 + Level 7.0 Armour
 + Level 8.5 Dodging
 + Level 7.4 Stealth
 + Level 7.0 Shields
 + Level 9.8 Unarmed Combat
 + Level 7.0 Spellcasting
 + Level 5.8 Conjurations
 + Level 5.8 Hexes
 + Level 5.8 Summonings
 + Level 5.8 Necromancy
 + Level 5.8 Translocations
 + Level 5.8 Transmutations
 + Level 5.8 Fire Magic
 + Level 5.8 Ice Magic
 + Level 5.8 Air Magic
 + Level 5.8 Earth Magic
 + Level 5.8 Poison Magic
 + Level 7.7 Invocations
 + Level 7.0 Evocations


You had 14 spell levels left.
You knew the following spells:

 Your Spells              Type           Power      Damage    Failure   Level
a - Freeze                Ice            60%        1d7       2%          1
b - Scorch                Fire           30%        2d7       3%          2
c - Frozen Ramparts       Ice            30%        1d5       6%          3
d - Dispel Undead         Necr           15%        3d10      22%         4

Your spell library contained the following spells:

 Spells                   Type           Power      Damage    Failure   Level
 Kiss of Death            Conj/Necr      60%        2d10      2%          1
 Cigotuvi's Dreadful Rot  Necr/Pois/Air  30%        N/A       3%          2
 Confusing Touch          Hex            15%        N/A       6%          3
 Dazzling Flash           Conj/Hex       30%        N/A       6%          3
 Hailstorm                Conj/Ice       15%        3d5       6%          3
 Ozocubu's Armour         Ice            15%        N/A       6%          3
 Flame Wave               Conj/Fire      15%        2d7       22%         4
 Agony                    Necr           15%        N/A       52%         5
 Silence                  Hex/Air        7%         N/A       52%         5
 Death Channel            Necr           7%         N/A       97%         6
 Summon Cactus Giant      Summ           7%         N/A       97%         6
 Ozocubu's Refrigeration  Ice            7%         4d9       100%        7


Dungeon Overview and Level Annotations

Branches:
Dungeon (12/15)            Temple (1/1) D:6
   Lair: D:8-11         Orc: D:9-12

Altars:
Ashenzari
Dithmenos
Elyvilon
Gozag
Hepliaklqana
Kikubaaqudgha
Makhleb
Nemelex Xobeh
Okawaru
Qazlal
Ru
Sif Muna
Trog
Uskayaw
Vehumet
Wu Jian
Yredelemnul
Zin
The Shining One

Shops:
D:5 !   D:7 ?

Annotations:
D:3 3 runed translucent doors, greasedhog's ghost, amateur MfFi; lotum's ghost, amateur DECj


Innate Abilities, Weirdness & Mutations

You have very sharp teeth.
Your uncanny sense of smell can sniff out nearby items.
Your experience applies equally to all skills.


Message History

The wall freezes the orc but does no damage.
You shoot a bolt. The bolt closely misses the orc.
The bolt hits the gargoyle.
The gargoyle is lightly damaged.
The wall freezes the orc.
The orc hits you with a +0 whip.
You shoot a bolt. The bolt hits the orc!!
You kill the orc!
You shoot a bolt. The bolt hits the gargoyle.
The gargoyle is moderately damaged.
The frozen ramparts melt away.
You feel a bond with the +9 war axe "Ithinubb" {spect, rC+}.
a - the +9 war axe "Ithinubb" (weapon)
{spect, rC+} The gargoyle hits you with a +0 mace!!
You hit the gargoyle.
You bite the gargoyle, but do no damage.
The gargoyle is heavily damaged.
The gargoyle hurls a stone arrow at you.
The stone arrow hits you!
You slash the gargoyle!
The gargoyle is almost destroyed.
The gargoyle hurls a stone arrow at you.
The stone arrow misses you.
You hit the gargoyle.
The gargoyle is almost destroyed.
The gargoyle hurls a stone arrow at you.
The stone arrow misses you.
You barely miss the gargoyle.
The gargoyle is almost destroyed.
The gargoyle hurls a stone arrow at you.
The stone arrow hits you!!
You are too injured to fight recklessly!
Unknown command.
You barely miss the gargoyle.
You punch the gargoyle, but do no damage.
The gargoyle is almost destroyed.
The gargoyle hits you with a +0 mace!
* * * LOW HITPOINT WARNING * * *
The gargoyle hurls a stone arrow at you.
The stone arrow hits you!!
You die...
Your body crumbles into a pile of gold.

#.....##......#
∆
#####..'......#
.! .#
####......#
.##.# $ $
##'#####$ #.#..#
#.# .....+ #.###
$...# #...# ...#
######'#####9..#
#..........@#
#...........#
#...........+
#...........#
#...........#
###)#########
#...# ###.# #.#


You could see a gargoyle.

Vanquished Creatures
  A hydra (D:10)
  3 two-headed ogres
  Lodul (D:12)
  A cyclops (D:12)
  2 manticores
  Maurice (D:11)
  Joseph (D:7)
  4 gargoyles
  An unseen horror (D:11)
  A komodo dragon (D:11)
  A shadow (D:12)
  4 yaks
  2 wraiths
  A wyvern (D:11)
  2 vampire mosquitoes (D:9)
  Edmund (D:4)
  2 water moccasins (D:6)
  10 ogres
  4 ice beasts (D:6)
  4 orc warriors
  2 black bears (D:6)
  7 centaurs
  A phantom (D:6)
  2 kobold brigands
  3 necrophages
  A bullfrog (D:9)
  A gnoll sergeant (D:10)
  5 scorpions
  3 wights (D:9)
  5 killer bees
  2 howler monkeys
  A lava snake (D:10)
  3 hounds
  A gnoll bouda (D:6)
  5 jellies
  8 orc priests
  7 orc wizards
  7 gnolls
  8 adders
  3 shadow imps
  2 white imps
  2 worms
  A dart slug (D:2)
  27 orcs
  6 endoplasms
  7 goblins
  2 hobgoblins (D:4)
  6 jackals
  14 kobolds
  2 quokkas
  8 ball pythons
  4 bats
  A frilled lizard (D:1)
  A jackal zombie (D:8)
  3 rats
208 creatures vanquished.

Vanquished Creatures (others)
  9 plants (D:4)
  5 withered plants (D:3)
14 creatures vanquished.

Grand Total: 222 creatures vanquished

Notes
Turn   | Place    | Note
-------+----------+-------------------------------------------
     0 | D:1      | billz999 the Gnoll Hunter began the quest for the Orb.
     0 | D:1      | Reached XP level 1. HP: 20/20 MP: 1/1
   275 | D:1      | Reached XP level 2. HP: 26/26 MP: 2/2
  1005 | D:2      | Reached XP level 3. HP: 30/31 MP: 3/3
  1059 | D:2      | Reached skill level 1 in Invocations
  1123 | D:2      | Reached skill level 1 in Short Blades
  1123 | D:2      | Reached skill level 1 in Long Blades
  1123 | D:2      | Reached skill level 1 in Axes
  1123 | D:2      | Reached skill level 1 in Maces & Flails
  1123 | D:2      | Reached skill level 1 in Polearms
  1123 | D:2      | Reached skill level 1 in Staves
  1123 | D:2      | Reached skill level 1 in Throwing
  1123 | D:2      | Reached skill level 1 in Armour
  1123 | D:2      | Reached skill level 1 in Shields
  1123 | D:2      | Reached skill level 1 in Unarmed Combat
  1123 | D:2      | Reached skill level 1 in Spellcasting
  1123 | D:2      | Reached skill level 1 in Evocations
  1627 | D:3      | Reached XP level 4. HP: 38/38 MP: 5/5
  1718 | D:3      | Found a runed translucent gate.
  1719 | D:3      | Found a runed translucent gate.
  1736 | D:3      | Reached skill level 1 in Conjurations
  1736 | D:3      | Reached skill level 1 in Hexes
  1736 | D:3      | Reached skill level 1 in Summonings
  1736 | D:3      | Reached skill level 1 in Necromancy
  1736 | D:3      | Reached skill level 1 in Translocations
  1736 | D:3      | Reached skill level 1 in Transmutations
  1736 | D:3      | Reached skill level 1 in Fire Magic
  1736 | D:3      | Reached skill level 1 in Ice Magic
  1736 | D:3      | Reached skill level 1 in Air Magic
  1736 | D:3      | Reached skill level 1 in Earth Magic
  1736 | D:3      | Reached skill level 1 in Poison Magic
  1951 | D:3      | Noticed a scorpion
  1970 | D:3      | Killed a scorpion
  1971 | D:3      | Reached XP level 5. HP: 15/43 MP: 5/7
  2148 | D:3      | Found a runed translucent gate.
  2151 | D:3      | Noticed greasedhog's ghost (amateur MfFi)
  2152 | D:3      | Noticed lotum's ghost (amateur DECj)
  2239 | D:3      | Learned a level 1 spell: Freeze
  2242 | D:3      | Learned a level 2 spell: Scorch
  2604 | D:4      | Found a bloodstained altar of Trog.
  2631 | D:4      | Reached XP level 6. HP: 33/50 MP: 8/8
  2832 | D:4      | Reached skill level 5 in Fighting
  2832 | D:4      | Reached skill level 5 in Dodging
  2926 | D:4      | Found a broken altar of Ashenzari.
  3186 | D:4      | Noticed Edmund
  3209 | D:4      | Killed Edmund
  3328 | D:4      | Reached XP level 7. HP: 56/56 MP: 10/10
  3502 | D:5      | Entered Level 5 of the Dungeon
  3614 | D:5      | Found Emutwemp's Distillery.
  4450 | D:5      | Reached skill level 9 in Ranged Weapons
  4489 | D:5      | You fall into a shaft and drop 3 floors!
  4591 | D:7      | Found Kigow's Magic Scroll Shoppe.
  4617 | D:7      | Reached XP level 8. HP: 38/63 MP: 12/12
  4935 | D:6      | Found a staircase to the Ecumenical Temple.
  4942 | Temple   | Entered the Ecumenical Temple
  4964 | Temple   | Became a worshipper of Gozag Ym Sagoz the Greedy
  5318 | D:6      | Learned a level 3 spell: Frozen Ramparts
  5323 | D:6      | Learned a level 4 spell: Dispel Undead
  5567 | D:6      | Reached skill level 5 in Unarmed Combat
  5794 | D:6      | Reached XP level 9. HP: 69/69 MP: 4/14
  6308 | D:6      | Reached skill level 5 in Stealth
  6497 | D:7      | Noticed Joseph
  6515 | D:7      | Killed Joseph
  6516 | D:7      | Reached skill level 5 in Invocations
  7988 | D:9      | Noticed a two-headed ogre
  7995 | D:9      | Killed a two-headed ogre
  7996 | D:9      | Reached skill level 5 in Short Blades
  7996 | D:9      | Reached skill level 5 in Long Blades
  7996 | D:9      | Reached skill level 5 in Axes
  7996 | D:9      | Reached skill level 5 in Maces & Flails
  7996 | D:9      | Reached skill level 5 in Polearms
  7996 | D:9      | Reached skill level 5 in Staves
  7996 | D:9      | Reached skill level 10 in Ranged Weapons
  7996 | D:9      | Reached skill level 5 in Throwing
  7996 | D:9      | Reached skill level 5 in Armour
  7996 | D:9      | Reached skill level 5 in Shields
  7996 | D:9      | Reached skill level 5 in Spellcasting
  7996 | D:9      | Reached skill level 5 in Evocations
  7996 | D:9      | Reached XP level 10. HP: 79/79 MP: 8/17
  8013 | D:9      | Noticed a two-headed ogre
  8024 | D:9      | Killed a two-headed ogre
  8331 | D:9      | Found an ancient bone altar of Kikubaaqudgha.
  9015 | D:9      | Found a sparkling altar of Nemelex Xobeh.
  9178 | D:10     | Entered Level 10 of the Dungeon
  9178 | D:10     | Noticed a gargoyle
  9202 | D:9      | Killed a gargoyle
  9719 | D:10     | Reached skill level 5 in Conjurations
  9719 | D:10     | Reached skill level 5 in Hexes
  9719 | D:10     | Reached skill level 5 in Summonings
  9719 | D:10     | Reached skill level 5 in Necromancy
  9719 | D:10     | Reached skill level 5 in Translocations
  9719 | D:10     | Reached skill level 5 in Transmutations
  9719 | D:10     | Reached skill level 5 in Fire Magic
  9719 | D:10     | Reached skill level 5 in Ice Magic
  9719 | D:10     | Reached skill level 5 in Air Magic
  9719 | D:10     | Reached skill level 5 in Earth Magic
  9719 | D:10     | Reached skill level 5 in Poison Magic
  9917 | D:10     | Reached XP level 11. HP: 55/85 MP: 20/20
 10649 | D:10     | Noticed a six-headed hydra
 11972 | D:10     | Killed a six-headed hydra
 12027 | D:11     | Noticed Maurice
 12039 | D:11     | Killed Maurice
 12709 | D:11     | Noticed a manticore
 12714 | D:11     | Noticed a skeletal warrior
 12718 | D:11     | Noticed a skeletal warrior
 12720 | D:11     | Killed a manticore
 12720 | D:11     | Noticed a skeletal warrior
 13548 | D:12     | Identified the +9 war axe "Ithinubb" {spect, rC+}
 13603 | D:12     | Noticed a cyclops
 13694 | D:12     | Killed a cyclops
 13785 | D:12     | Noticed a manticore
 13797 | D:12     | Noticed Lodul
 13801 | D:12     | Killed Lodul
 13907 | D:12     | Killed a manticore
 13959 | D:12     | Noticed a two-headed ogre
 13963 | D:12     | Reached skill level 11 in Ranged Weapons
 13967 | D:12     | Killed a two-headed ogre
 14177 | D:12     | Killed from afar by a gargoyle

Illustrated notes

Levels and vault maps discovered:
D:1:      nagdon_arrival_double_spiral, layout_basic
D:2:      layout_loops_ring
D:3:      layout_basic, gammafunk_ghost_cemetery
D:4:      layout_loops_ring, mainiacjoe_overflow_catch_the_wave,
          minmay_manual_mail, uniq_edmund
D:5:      layout_basic, serial_shops, shop, kennysheep_big_empty_room
D:6:      minmay_diamond_boxcup, layout_loops_ring, temple_green,
          hangedman_decor_push, grunt_ministairs_8, eino_curves_04
D:7:      layout_rooms, serial_shops, shop, uniq_joseph, uniq_crazy_yiuf_cottage
D:8:      layout_cave_pools, fedhas_altar_4,
          chequers_temple_overflow_statue_of_worship, david_lair_generic,
          enter_ossuary_3, roderic_lattice_a, hangedman_abyss_or_decor_stagger
D:9:      layout_basic, nemelex_altar_shiori, nicolae_overflow_crystal_walls
D:10:     layout_long_grid, kennysheep_island_fort
D:11:     layout_loops_corners, minivault_23, uniq_maurice
D:12:     layout_roguey, david_orc_1_choice, nzn_random_ring, uniq_josephine,
          uniq_lodul
Temple:   hellmonk_temple_two_chambers

Skill      XL: |  1  2  3  4  5  6  7  8  9 10 11 |
---------------+----------------------------------+-----
Invocations    | 1 2 3 4 5 6 7 |  7.7
Short Blades   | 1 2 3 5 6 7 |  7.0
Long Blades    | 1 2 3 5 6 7 |  7.0
Axes           | 1 2 3 5 6 7 |  7.0
Maces & Flails | 1 2 3 5 6 7 |  7.0
Polearms       | 1 2 3 5 6 7 |  7.0
Staves         | 1 2 3 5 6 7 |  7.0
Throwing       | 1 2 3 5 6 7 |  7.0
Armour         | 1 2 3 5 6 7 |  7.0
Shields        | 1 2 3 5 6 7 |  7.0
Unarmed Combat | 1 2 3 5 7 8 9 |  9.8
Spellcasting   | 1 2 3 5 6 7 |  7.0
Evocations     | 1 2 3 5 6 7 |  7.0
Conjurations   | 1 2 3 4 5 |  5.8
Hexes          | 1 2 3 4 5 |  5.8
Summonings     | 1 2 3 4 5 |  5.8
Necromancy     | 1 2 3 4 5 |  5.8
Translocations | 1 2 3 4 5 |  5.8
Transmutations | 1 2 3 4 5 |  5.8
Fire Magic     | 1 2 3 4 5 |  5.8
Ice Magic      | 1 2 3 4 5 |  5.8
Air Magic      | 1 2 3 4 5 |  5.8
Earth Magic    | 1 2 3 4 5 |  5.8
Poison Magic   | 1 2 3 4 5 |  5.8
Stealth        | 3 4 5 6 7 |  7.4
Fighting       | 5 6 7 8 |  8.5
Dodging        | 5 6 7 8 |  8.5
Ranged Weapons | 9 10 11 | 11.0

Action                   |  1- 3 |  4- 6 |  7- 9 | 10-12 || total
-------------------------+-------+-------+-------+-------++-------
Melee: Dagger            |    33 |    47 |    26 |       ||   106
       Bite              |     1 |    10 |    26 |    22 ||    59
       Punch             |       |     2 |     8 |     9 ||    19
       Demon trident     |       |       |   158 |   118 ||   276
       War axe           |       |       |       |    42 ||    42
 Fire: Shortbow          |    35 |    79 |   144 |   135 ||   393
       Arbalest          |       |       |       |    66 ||    66
 Cast: Freeze            |       |       |     2 |       ||     2
       Frozen Ramparts   |       |       |     2 |    18 ||    20
       Scorch            |       |       |       |    10 ||    10
Evoke: Wand              |       |       |     8 |    15 ||    23
  Use: Scroll            |     3 |     4 |     9 |     8 ||    24
       Potion            |       |     2 |     6 |     6 ||    14
 Stab: Sleeping          |       |       |     1 |     1 ||     2
       Paralysed         |       |       |       |    11 ||    11
       Distracted        |       |       |       |     1 ||     1
Armor: Leather armour    |    13 |    14 |    73 |    25 ||   125
Dodge: Dodged            |    21 |    37 |   227 |   179 ||   464

Table legend: (Time is in decaauts)
 A = Elapsed time spent in this place.
 B = Non-inter-level travel time spent in this place.
 C = Inter-level travel time spent in this place.
 D = Time resting spent in this place.
 E = Time spent auto-exploring this place.
 F = Levels seen in this place.
 G = Mean time per level.
                   A        B        C        D        E       F      G
               +--------+--------+--------+--------+--------+-----+--------+
         Total |  14204 |  13614 |    590 |   2606 |   9233 |  13 | 1092.6 |
       Dungeon |  14175 |  13599 |    576 |   2606 |   9223 |  12 | 1181.2 |
        Temple |     28 |     14 |     14 |      0 |     10 |   1 |   28.0 |
               +--------+--------+--------+--------+--------+-----+--------+

Top non-repeatable levels by time:
    D:10: 2576 daAuts
     D:9: 2132 daAuts
     D:6: 1628 daAuts
    D:11: 1314 daAuts
     D:5: 1141 daAuts
     D:4: 988 daAuts
     D:3: 983 daAuts
     D:7: 862 daAuts
     D:2: 804 daAuts
     D:1: 725 daAuts
    D:12: 647 daAuts
     D:8: 370 daAuts
  Temple: 28 daAuts
